 Dungeon Crawl Stone Soup version 0.29.1-2-gbd0b4ee654 (webtiles) character file.

Game seed: 67559001202020832

5 croobank the Caller (level 1, -1/11 HPs)
             Began as an Octopode Summoner on Nov 26, 2022.
             Slain by a hobgoblin (5 damage)
             ... on level 1 of the Dungeon.
             The game lasted 00:01:09 (721 turns).

croobank the Caller (Octopode Summoner)              Turns: 721, Time: 00:01:10

Health: -1/11      AC:  1    Str:  7    XL:     1   Next: 80%
Magic:  1/3        EV: 13    Int: 17    God:
Gold:   7          SH:  0    Dex: 12    Spells: 3/4 levels left

rFire   . . .      SeeInvis .   (no weapon)
rCold   . . .      Faith    .   (no shield)
rNeg    . . .      Spirit   .   (helmet restricted)
rPois   .          Reflect  .   (no amulet)
rElec   .          Harm     .   (no ring)
rCorr   .          Rampage  .   (no ring)
Will    .....                   (no ring)
Stlth   +++.......              (no ring)
HPRegen 0.03/turn               (no ring)
MPRegen 0.08/turn               (no ring)
                                (no ring)
                                (no ring)

@: no status effects
A: almost no armour, amphibious, 8 rings, camouflage 1, gelatinous body 1,
(nimble swimmer 1), tentacles
a: no special abilities


You were on level 1 of the Dungeon.
You visited 1 branch of the dungeon, and saw 1 of its levels.

You collected 7 gold pieces.

Inventory:

Potions
 a - a potion of magic
 b - a potion of mutation {unknown}
 c - a potion of brilliance {unknown}


   Skills:
 + Level 2.1 Dodging
 + Level 2.9 Stealth
 + Level 2.1 Spellcasting
 + Level 4.0 Summonings


You had 3 spell levels left.
You knew the following spells:

 Your Spells              Type           Power      Damage    Failure   Level
a - Summon Small Mammal   Summ           60%        N/A       3%          1

Your spell library contained the following spells:

 Spells                   Type           Power      Damage    Failure   Level
 Call Imp                 Summ           15%        N/A       5%          2
 Call Canine Familiar     Summ           15%        N/A       11%         3
 Summon Guardian Golem    Hex/Summ       8%         N/A       26%         3
 Summon Lightning Spire   Summ/Air       8%         N/A       63%         4


Dungeon Overview and Level Annotations

Branches:
Dungeon (1/15)

Altars:

Annotations:
D:1 1 transporter


Innate Abilities, Weirdness & Mutations

You cannot wear most types of armour.
You are amphibious.
You can wear up to eight rings at the same time.
Your skin changes colour to match your surroundings (Stealth+).
Your rubbery body absorbs attacks. (AC +1, EV +1)
((You are camouflaged when in or above water. (Stealth+)))
You have tentacles for arms and can constrict up to eight enemies at once.


Message History

Confirm with . or Enter, or press ? or * to list all spells.
The endoplasm freezes you.
You are frozen.
You swap places.
Your quokka bites the endoplasm.
The endoplasm dies!
You start resting.
Magic restored.
You start resting.
Your quokka disappears in a puff of smoke!
HP restored.
c - a red potion A quokka comes into view.
Found a gold piece.
The quokka bites you. The quokka closely misses you.
You miss the quokka. You grab the quokka. Your squeeze misses the quokka.
You constrict the quokka. The quokka bites you.
You tentacle-slap the quokka but do no damage.
Your squeeze misses the quokka.
The quokka is moderately wounded.
You constrict the quokka. The quokka closely misses you.
You tentacle-slap the quokka but do no damage.
The quokka is heavily wounded.
You constrict the quokka. The quokka bites you.
You are too injured to fight recklessly!
Casting: Summon Small Mammal (safe; 3% risk of failure)
Confirm with . or Enter, or press ? or * to list all spells.
You constrict the quokka.
You kill the quokka!
A hobgoblin comes into view.
Found 14 gold pieces.
Your bat hits the hobgoblin but does no damage.
The hobgoblin closely misses your bat.
Found a cloak.
Your bat closely misses the hobgoblin. x2
Casting: Summon Small Mammal (safe; 3% risk of failure)
Confirm with . or Enter, or press ? or * to list all spells.
Your bat barely misses the hobgoblin.
Your bat hits the hobgoblin.
Your bat closely misses the hobgoblin. x2
Your bat hits the hobgoblin but does no damage.
Your bat hits the hobgoblin.
Your bat barely misses the hobgoblin. x2; The hobgoblin hits you.
You die...

## .# #.## ... .# [..
... .# #.# ....
.################.##...
......................
..############....b#.
.# ..# #.....#.$.#. ###
#..@g.......
#†....#..... #...b.#
.#$. ### #.....# ..##
####### ...# ...# ...#
...#


You could see a hobgoblin (ally target) and 2 friendly bats.

Vanquished Creatures
  An endoplasm (D:1)
  A quokka (D:1)
  A bat (D:1)
  A rat (D:1)
4 creatures vanquished.

Vanquished Creatures (collateral kills)
  An endoplasm (D:1)
1 creature vanquished.

Grand Total: 5 creatures vanquished

Notes
Turn   | Place    | Note
-------+----------+-------------------------------------------
     0 | D:1      | croobank the Octopode Summoner began the quest for the Orb.
     0 | D:1      | Reached XP level 1. HP: 11/11 MP: 3/3
   721 | D:1      | Slain by a hobgoblin

Illustrated notes

Levels and vault maps discovered:
D:1:      spicycebolla_arrival_risky_transporter, layout_basic,
          ebering_ecumenical_altar_hall, serial_park_tiny_1,
          grunt_decor_arrowhead

Action                   || total
-------------------------++-------
Melee: Unarmed           ||    19
       Constrict         ||     5
       Tentacles         ||     2
 Cast: Summon Small Mamm ||     8
 Stab: Sleeping          ||     2
Armor: Skin              ||    10
Dodge: Dodged            ||    20
